 Dungeon Crawl Stone Soup version 0.19-a0-1462-g5650605 (webtiles) character file.

216 Eptagon the Cudgeler (level 5, -2/32 HPs)
             Began as a Gargoyle Monk on Sept 7, 2016.
             Was a Believer of Cheibriados.
             Slain by an ogre
             ... wielding a +0 giant spiked club
              (20 damage)
             ... on level 4 of the Dungeon.
             The game lasted 00:06:01 (3486 turns).

Eptagon the Cudgeler (Gargoyle Monk)                Turns: 3486, Time: 00:06:02

Health: -2/32      AC: 11    Str: 19    XL:     5   Next: 93%
Magic:  5/5        EV: 12    Int: 17    God:    Cheibriados [**....]
Gold:   135        SH:  3    Dex: 16    Spells: 0 memorised, 4 levels left

rFire  . . .     SeeInvis .     a - +0 mace
rCold  . . .     Gourm    .     g - +0 leather armour (curse)
rNeg   + . .     Faith    .     r - +0 buckler
rPois  ∞         Spirit   .     (no helmet)
rElec  +         Dismiss  .     q - +0 cloak
rCorr  .         Reflect  .     s - +0 pair of gloves
MR     .....     Harm     .     (no boots)
Stlth  ++........               (no amulet)
                                (no ring)
                                (no ring)

@: very slow
A: big wings, yellow scales 1, clever 1, negative energy resistance 1,
electricity resistance, unbreathing, petrification resistance, rot immunity, AC
+4
a: Fly, Bend Time, Renounce Religion


You were on level 4 of the Dungeon.
You worshipped Cheibriados.
Cheibriados was pleased with you.
You were not hungry.

You visited 2 branches of the dungeon, and saw 5 of its levels.

You collected 135 gold pieces.

Inventory:

Hand Weapons
 a - a +0 mace (weapon)
Armour
 g - a cursed +0 leather armour (worn)
 n - a +0 chain mail
 q - a +0 cloak (worn)
 r - a +0 buckler (worn)
 s - a +0 pair of gloves (worn)
Wands
 u - a wand of digging (19/24)
Scrolls
 o - a scroll of random uselessness {unknown}
 t - 2 scrolls of teleportation {unknown}
Potions
 d - a potion of cancellation {unknown}
 e - a potion of agility {unknown}
 f - a potion of ambrosia {unknown}
 h - 2 potions of lignification {unknown}
 j - 2 potions of haste {unknown}
 k - 6 potions of curing {unknown}
 l - a potion of heal wounds {unknown}
 m - a potion of brilliance
 p - 2 potions of degeneration {unknown}
Comestibles
 c - 4 bread rations
 i - a meat ration


   Skills:
 - Level 3.2 Fighting
 + Level 6.4 Maces & Flails
 - Level 2.4 Dodging
 - Level 2.1 Stealth


You had 4 spell levels left.
You didn't know any spells.

Dungeon Overview and Level Annotations

Branches:
Dungeon (4/15)             Temple (1/1) D:4

Altars:
Cheibriados
Dithmenos
Elyvilon
Fedhas
Kikubaaqudgha
Makhleb
Okawaru
Qazlal
Trog
Uskayaw
Vehumet
Xom
Yredelemnul
The Shining One

Annotations:
D:2 exclusion: oklob plant


Innate Abilities, Weirdness & Mutations

You are resistant to torment.
Your stone body is resilient. (AC +4)
You are immune to poison.
You resist negative energy. (rN+)
You are resistant to electric shocks. (rElec)
You can survive without breathing.
You are immune to petrification.
You are immune to rotting.
Your large and strong wings let you fly indefinitely.
You are partially covered in yellow scales. (AC +2)
Your mind is acute. (Int +2)


Message History

The adder skeleton bites you but does no damage.
The ogre hits you with a giant spiked club!
The adder skeleton barely misses you.
You are too injured to fight recklessly!
You are too injured to fight recklessly!
You barely miss the ogre.
The ogre is moderately wounded.
The ogre hits you but does no damage.
The adder skeleton bites you but does no damage.
You hit the ogre.
The ogre is moderately wounded.
The adder skeleton barely misses you. The ogre misses you.
You hit the ogre.
The ogre is heavily wounded.
The adder skeleton barely misses you.
Your shield prevents you from hitting the ogre.
The ogre is heavily wounded.
The ogre hits you with a giant spiked club!!
Ouch! That really hurt!
You die...

#.......##........####
#...........#######
#........### ##........#
#.......######
#.............. ######
#.......########.....#
##..........>.........
#####...########@.......
..........# #OZ......
..........# #........
..........######........
<.......................
..........#####........?
..........# #........
########### #........


You could see an ogre and an adder skeleton.

Vanquished Creatures
  A scorpion (D:3)
  8 adders
  An ooze (D:2)
  2 worms
  2 dart slugs
  2 giant geckos
  10 giant cockroaches
  4 goblins
  16 hobgoblins
  3 jackals (D:1)
  A quokka (D:1)
  9 bats
  2 giant newts (D:2)
  6 kobolds
  9 rats
  5 fungi (D:2)
  3 plants (D:2)
84 creatures vanquished.

Notes
Turn   | Place    | Note
-------+----------+-------------------------------------------
     0 | D:1      | Eptagon the Gargoyle Monk began the quest for the Orb.
     0 | D:1      | Reached XP level 1. HP: 14/14 MP: 1/1
   198 | D:1      | Reached XP level 2. HP: 19/19 MP: 2/2
   721 | D:1      | Reached skill level 4 in Maces & Flails
   901 | D:1      | Reached XP level 3. HP: 21/23 MP: 3/3
  1396 | D:2      | Reached XP level 4. HP: 24/28 MP: 4/4
  1557 | D:2      | Gained mutation: Your large and strong wings let you fly indefinitely. [potion of mutation]
  1557 | D:2      | Gained mutation: You are partially covered in yellow scales. (AC +2) [potion of mutation]
  1557 | D:2      | Gained mutation: Your mind is acute. (Int +2) [potion of mutation]
  1664 | D:2      | Reached skill level 5 in Maces & Flails
  1788 | D:2      | Found a blossoming altar of Fedhas.
  1812 | D:2      | Noticed an oklob plant
  2638 | D:3      | Reached XP level 5. HP: 26/32 MP: 5/5
  2924 | D:3      | Reached skill level 6 in Maces & Flails
  3233 | D:4      | Found a staircase to the Ecumenical Temple.
  3256 | Temple   | Entered the Ecumenical Temple
  3460 | Temple   | Became a worshipper of Cheibriados the Contemplative
  3460 | Temple   | Reached * piety under Cheibriados
  3460 | Temple   | Reached ** piety under Cheibriados
  3479 | D:4      | Noticed an ogre
  3486 | D:4      | Slain by an ogre

Vault maps used:
D:1:      tarquinn_simple_flora_water_a, minmay_misc_feat_square
D:2:      tgw_fedhas, first_bread, columned_hall_lemuel
D:3:      serial_park_tiny_pond, kennysheep_cross_room
Temple:   nicolae_temple_figure_eight

Skill      XL: |  1  2  3  4  5 |
---------------+----------------+-----
Maces & Flails | 4 5 6 |  6.4
Fighting       | |  3.2
Dodging        | |  2.4
Stealth        | |  2.1

Action                   |  1- 3 |  4- 6 || total
-------------------------+-------+-------++-------
Melee: Mace              |   110 |   407 ||   517
  Use: Scroll            |     3 |     3 ||     6
       Potion            |       |     1 ||     1
 Stab: Sleeping          |     2 |     2 ||     4
  Eat: Chunk             |     2 |     6 ||     8
       Beef jerky        |       |     1 ||     1
Armor: Robe              |     5 |       ||     5
       Leather armour    |    36 |    86 ||   122
Dodge: Dodged            |    73 |   127 ||   200
Block: Buckler           |       |    29 ||    29
